 Dungeon Crawl Stone Soup version 0.27-a0-1200-g94dc6ad4cf (webtiles) character file.

Game seed: 18129812867813100062

367 polve the Ruffian (level 6, 0/47 HPs)
             Began as a Demonspawn Abyssal Knight on June 1, 2021.
             Was a Believer of Lugonu.
             Killed from afar by a hobgoblin (9 damage)
             ... with an iceblast
             ... on level 4 of the Dungeon.
             The game lasted 00:03:06 (3092 turns).

polve the Ruffian (Demonspawn Abyssal Knight)       Turns: 3092, Time: 00:03:06

Health: 0/47       AC:  9    Str: 14    XL:     6   Next: 41%
Magic:  7/7        EV: 10    Int: 13    God:    Lugonu [**....]
Gold:   156        SH:  0    Dex: 13    Spells: 5/5 levels left

rFire    . . .     SeeInvis .     - Unarmed
rCold    . . .     Faith    .   (no shield)
rNeg     + . .     Spirit   .   f - +1 ring mail "Deto" {rN+}
rPois    .         Reflect  .   (no helmet)
rElec    .         Harm     .   m - +0 cloak
rCorr    .         Rampage  .   (no gloves)
Will     .....                  (no boots)
Stlth    +.........             (no amulet)
HPRegen  0.15/turn              (no ring)
MPRegen  0.10/turn              (no ring)

@: no status effects
A: claws 2, icy blue scales 1, demonic guardian 1
a: Renounce Religion, Depart the Abyss, Bend Space


You were on level 4 of the Dungeon.
You worshipped Lugonu.
Lugonu was pleased with you.
You visited 1 branch of the dungeon, and saw 4 of its levels.
You visited the Abyss 1 time.

You collected 156 gold pieces.

Inventory:

Hand Weapons
 a - a +1 short sword
Armour
 f - the +1 ring mail "Deto" (worn) {rN+}
   (You found it on level 2 of the Abyss)

   It protects you from negative energy.
 m - a +0 cloak (worn)
Scrolls
 b - 4 scrolls of identify {unknown}
 c - a scroll of silence {unknown}
 d - 2 scrolls of fog {unknown}
 e - 4 scrolls of teleportation {unknown}
 h - a scroll of brand weapon {unknown}
Potions
 g - a potion of invisibility {unknown}
 i - a potion of cancellation {unknown}
 j - 2 potions of haste {unknown}
 k - a potion of berserk rage {unknown}
 l - a potion of heal wounds {unknown}


   Skills:
 - Level 3.0 Fighting
 - Level 4.0 Short Blades
 - Level 1.7 Armour
 - Level 0.8 Dodging
 + Level 4.6 Unarmed Combat
 - Level 2.4 Invocations


You had 5 spell levels left.
You didn't know any spells.
Your spell library contained the following spells:

 Spells                   Type           Power      Damage    Failure   Level
 Magic Dart               Conj           0%         1d3       52%         1
 Blink                    Tloc           N/A        N/A       67%         2
 Call Imp                 Summ           0%         N/A       67%         2
 Slow                     Hex            0%         N/A       67%         2
 Conjure Flame            Conj/Fire      0%         6-21      88%         3
 Mephitic Cloud           Conj/Pois/Air  0%         N/A       88%         3


Dungeon Overview and Level Annotations

Branches:
Dungeon (4/15)
 Temple: D:4-7

Altars:

Shops:
D:2 ???


Innate Abilities, Weirdness & Mutations

You have very sharp fingernails.
You are partially covered in icy blue scales. (AC +2)
A weak demonic guardian rushes to your aid.


Message History

You swing at nothing.
You swing at nothing.
You closely miss the hobgoblin. The hobgoblin closely misses you.
You claw the hobgoblin!
You kill the hobgoblin!
Lugonu accepts your kill.
You scratch the adder skeleton but do no damage.
The adder skeleton closely misses you.
You claw the adder skeleton!
The adder skeleton is severely damaged.
The adder skeleton bites you but does no damage.
You claw the adder skeleton!
You destroy the adder skeleton!
Lugonu accepts your kill.
You swing at nothing.
You swing at nothing.
You swing at nothing.
A goblin comes into view. It is wielding a +0 club.
A goblin is nearby!
A goblin is nearby!
You swing at nothing.
The goblin shouts!
You hear a shout!
You swing at nothing.
You swing at nothing.
You swing at nothing.
A hobgoblin comes into view. It is carrying a wand of iceblast (8).
You barely miss the goblin. The goblin hits you but does no damage.
You claw the goblin!
You kill the goblin!
Lugonu accepts your kill.
You swing at nothing.
You swing at nothing.
The hobgoblin zaps a wand.
The mass of ice explodes!
The iceblast engulfs you!
You swing at nothing.
The hobgoblin zaps a wand.
The mass of ice explodes!
The iceblast engulfs you!
* * * LOW HITPOINT WARNING * * *
A demonic guardian appears!
You swing at nothing.
The hobgoblin zaps a wand.
The mass of ice explodes!
The iceblast engulfs you!
You die...

#.#....... #.#.###### #
#.#.###### .#
#......... .#
#.....#### .# ..#
##..#.# ... ###..#
#..#.#### .... #....#
#..#..... ..... #@##.#
#..######
......###)##.# #..#
.........5...# #..#
...........g.#####..#
.......##.##........#.#
..............<.......#
......###.##.#####.####
#...#. #.##.# #.#
#####. #.##.# #.#


You could see a hobgoblin (ally target) and a friendly ufetubus (summoned).

Vanquished Creatures
  A necrophage (D:3)
  A howler monkey (D:4)
  A jelly (D:4)
  An orc priest (D:4)
  2 orc wizards
  6 adders
  An adder skeleton (D:4)
  A dart slug (D:3)
  4 orcs (D:4)
  5 endoplasms
  A giant cockroach (D:3)
  6 goblins
  8 hobgoblins
  7 jackals
  4 quokkas
  A ball python (D:1)
  2 bats (D:1)
  A frilled lizard (D:1)
  8 kobolds
  8 rats
69 creatures vanquished.

Vanquished Creatures (collateral kills)
  2 adders
2 creatures vanquished.

Grand Total: 71 creatures vanquished

Notes
Turn   | Place    | Note
-------+----------+-------------------------------------------
     0 | Abyss:1  | polve the Demonspawn Abyssal Knight began the quest for the
                  | Orb.
     0 | Abyss:1  | Reached XP level 1. HP: 18/18 MP: 2/2
   100 | Abyss:1  | Noticed a freezing wraith
   127 | Abyss:2  | Found a corrupted altar of Lugonu.
   135 | Abyss:2  | Identified the +1 ring mail "Deto" {rN+}
   163 | Abyss:2  | Noticed a tentacled starspawn
   164 | D:1      | Escaped the Abyss
   320 | D:1      | Reached * piety under Lugonu
   326 | D:1      | Gained mutation: A weak demonic guardian rushes to your
                  | aid. [demonic ancestry]
   326 | D:1      | Reached XP level 2. HP: 24/24 MP: 3/3
   954 | D:2      | Gained mutation: You are partially covered in icy blue
                  | scales. (AC +2) [demonic ancestry]
   954 | D:2      | Reached XP level 3. HP: 21/29 MP: 4/4
  1146 | D:2      | Found Okhyneat's Magic Scroll Boutique.
  1151 | D:2      | Found Fuepn's Magic Scroll Shop.
  1284 | D:2      | Found Weol Kau's Magic Scroll Boutique.
  1464 | D:2      | Gained mutation: You have sharp fingernails. [demonic
                  | ancestry]
  1464 | D:2      | Reached XP level 4. HP: 25/35 MP: 5/5
  1684 | D:3      | Reached ** piety under Lugonu
  1849 | D:3      | Reached skill level 1 in Unarmed Combat
  2274 | D:3      | Noticed a necrophage
  2294 | D:3      | Killed a necrophage
  2295 | D:3      | Reached XP level 5. HP: 26/41 MP: 6/6
  2735 | D:4      | Gained mutation: You have very sharp fingernails. [demonic
                  | ancestry]
  2735 | D:4      | Reached XP level 6. HP: 34/47 MP: 7/7
  3092 | D:4      | Killed from afar by a hobgoblin

Illustrated notes

Levels and vault maps discovered:
D:1:      dpeg_arrival_stonehenge_8_columns, layout_basic
D:2:      layout_rooms, serial_shops, shop,
          nicolae_shop_temple_entry_statues_fountains, shop_scrolls
D:3:      layout_basic
D:4:      layout_loops_ring

Skill      XL: |  1  2  3  4  5 |
---------------+----------------+-----
Short Blades   | 2 3 4 |  4.0
Unarmed Combat | 2 4 |  4.6
Fighting       | |  3.0
Armour         | |  1.7
Dodging        | |  0.8
Invocations    | |  2.4

Action                   |  1- 3 |  4- 6 || total
-------------------------+-------+-------++-------
Melee: Short sword       |   131 |   130 ||   261
       Punch             |       |     1 ||     1
       Unarmed           |       |    37 ||    37
Invok: Depart the Abyss  |     1 |       ||     1
Armor: Ring mail         |    58 |    55 ||   113
Dodge: Dodged            |    74 |    71 ||   145

Table legend: (Time is in decaauts)
 A = Elapsed time spent in this place.
 B = Non-inter-level travel time spent in this place.
 C = Inter-level travel time spent in this place.
 D = Time resting spent in this place.
 E = Time spent auto-exploring this place.
 F = Levels seen in this place.
 G = Mean time per level.
                   A        B        C        D        E       F      G
               +--------+--------+--------+--------+--------+-----+--------+
         Total |   3064 |   3009 |     55 |      0 |   2409 |   6 |  510.7 |
       Dungeon |   2901 |   2846 |     55 |      0 |   2291 |   4 |  725.2 |
         Abyss |    163 |    163 |      0 |      0 |    118 |   2 |   81.5 |
               +--------+--------+--------+--------+--------+-----+--------+

Top non-repeatable levels by time:
     D:3: 903 daAuts
     D:2: 783 daAuts
     D:1: 676 daAuts
     D:4: 537 daAuts
 Abyss:1: 127 daAuts
 Abyss:2: 36 daAuts
